 Dungeon Crawl Stone Soup version 0.24.0-13-gcf9b319 (webtiles) character file.

Game seed: 8483315745891166201, levelgen mode: deterministic

2548 Limulus the Fighter (level 9, -7/60 HPs)
             Began as a Kobold Hunter on Feb 21, 2020.
             Was a Believer of Wu Jian.
             Mangled by an orc warrior
             ... wielding a +0 long sword
              (14 damage)
             ... on level 8 of the Dungeon.
             The game lasted 01:15:35 (9309 turns).

Limulus the Fighter (Kobold Hunter)                 Turns: 9309, Time: 01:15:36

Health: -7/60      AC: 10    Str: 11    XL:     9   Next: 86%
Magic:  9/9        EV: 17    Int: 12    God:    Wu Jian [**....]
Gold:   14         SH:  0    Dex: 19    Spells: 8/8 levels left

rFire    . . .     SeeInvis .   a - +2 dagger (speed)
rCold    . . .     Gourm    .   (shield restricted)
rNeg     . . .     Faith    .   h - +2 ring mail {rPois}
rPois    +         Spirit   .   r - +1 helmet
rElec    .         Reflect  .   (no cloak)
rCorr    +         Harm     .   p - +0 pair of gloves
MR       .....                  (no boots)
Stlth    ++++......             k - amulet of regeneration {!d}
HPRegen  0.60/turn              j - ring of resist corrosion
MPRegen  0.11/turn              t - +2 ring of strength

@: flying
A: small, carnivore
a: Wall Jump, Renounce Religion


You were on level 8 of the Dungeon.
You worshipped Wu Jian.
Wu Jian was pleased with you.
You were completely stuffed.

You visited 2 branches of the dungeon, and saw 9 of its levels.

You collected 329 gold pieces.
You spent 315 gold pieces at shops.

Inventory:

Hand Weapons
 a - a +2 dagger of speed (weapon)
 b - a +2 hand crossbow
 w - a +0 short sword
Missiles
 e - 10 boomerangs
 l - 42 bolts
 n - a throwing net (quivered)
Armour
 c - a +0 leather armour
 h - a +2 ring mail of poison resistance (worn)
 m - a +0 ring mail
 p - a +0 pair of gloves (worn)
 r - a +1 helmet (worn)
 z - a +0 scale mail
Magical Staves
 s - an uncursed staff of poison {unknown}
Jewellery
 j - a ring of resist corrosion (left hand)
 k - an amulet of regeneration (around neck) {!d}
 t - a +2 ring of strength (right hand)
 x - an uncursed amulet of harm {unknown}
 y - an uncursed amulet of the acrobat {unknown}
Scrolls
 g - 4 scrolls of teleportation
 i - 2 scrolls of amnesia
 o - a scroll of blinking
 q - 2 scrolls of remove curse
 v - 2 scrolls of magic mapping
Comestibles
 f - 13 rations
 u - 2 chunks of flesh


   Skills:
 + Level 8.8 Fighting
 - Level 7.4 Short Blades
 - Level 4.8 Crossbows
 - Level 7.0 Dodging
 + Level 8.6 Stealth


You had 8 spell levels left.
You didn't know any spells.
Your spell library was empty.

Dungeon Overview and Level Annotations

Branches:
Dungeon (8/15)             Temple (1/1) D:4
   Lair: D:8-11

Altars:
Ashenzari
Cheibriados
Dithmenos
Elyvilon
Fedhas
Gozag
Hepliaklqana
Kikubaaqudgha
Makhleb
Nemelex Xobeh
Okawaru
Qazlal
Ru
Sif Muna
Trog
Uskayaw
Vehumet
Wu Jian
Xom
Yredelemnul
Zin
The Shining One

Shops:
D:7 [

Annotations:
D:1 exclusion: downstairs
D:2 exclusions: downstairs and 1 more exclusion, Sigmund
D:3 exclusion: upstairs
D:4 exclusions: downstairs and 2 more exclusions
D:5 exclusion: 2 downstairs
D:6 Dowan, Duvessa, Edmund, Menkaure


Innate Abilities, Weirdness & Mutations

You are small and have problems with some larger weapons.
You are carnivorous and can eat meat at any time.


Message History

Unknown command.
It was a potion of curing.
You feel better. The quokka misses you.
The orc warrior hits you with a +0 long sword!
The quokka bites you but does no damage.
You feel very buoyant.
You fly up into the air.
The orc warrior hits you with a +0 long sword.
* * * LOW HITPOINT WARNING * * *
The quokka misses you.
Unknown command.
You hit the quokka.
The quokka is severely wounded.
The orc priest calls down the wrath of Beogh upon you.
Beogh smites you!
* * * LOW HITPOINT WARNING * * *
You hit the quokka but do no damage.
The quokka is severely wounded.
The quokka bites you but does no damage.
The orc warrior hits you with a +0 long sword!
You die...

#. # #.# #.# .#
#.# #.# ..## #.#
#.# ##... #.# #.#
... #.# #.##r#
#.# #.#@#
####.#####oo## ##
#..........## #.#
#.#########.###.#
#.# ##o#.# #.#
##รท###### #.#
#o.o...# #.#
#.....## #.#
#..##.#


You could see an orc warrior, an orc priest and a quokka.

Vanquished Creatures
  A troll (D:7)
  2 orc warriors (D:6)
  2 sky beasts
  An ice beast (D:8)
  A phantom (D:8)
  A centaur (D:7)
  3 ogres
  A big kobold (D:7)
  2 bullfrogs (D:7)
  4 scorpions
  2 crimson imps
  5 orc priests
  3 hounds
  4 orc wizards
  A bullfrog skeleton (D:7)
  2 centaur skeletons (D:6)
  Jessica (D:2)
  An iguana (D:7)
  11 worker ants
  A killer bee zombie (D:5)
  Robin (D:3)
  2 worker ant zombies
  8 adders
  2 oozes
  4 worms (D:2)
  A dart slug (D:1)
  A leopard gecko (D:5)
  22 orcs
  3 giant cockroaches
  2 gnoll zombies (D:5)
  13 goblins
  10 hobgoblins
  9 jackals
  13 kobolds
  3 quokkas
  8 bats
  3 frilled lizards
  A jackal skeleton (D:4)
  2 quokka skeletons (D:7)
  6 rats
163 creatures vanquished.

Notes
Turn   | Place    | Note
-------+----------+-------------------------------------------
     0 | D:1      | Limulus the Kobold Hunter began the quest for the Orb.
     0 | D:1      | Reached XP level 1. HP: 12/12 MP: 1/1
    50 | D:1      | Reached skill level 1 in Short Blades
   342 | D:1      | Reached XP level 2. HP: 17/17 MP: 2/2
   697 | D:1      | Reached XP level 3. HP: 21/21 MP: 3/3
   940 | D:1      | Found a sparkling altar of Nemelex Xobeh.
  1238 | D:2      | Noticed Jessica
  1291 | D:2      | Reached XP level 4. HP: 26/26 MP: 4/4
  1551 | D:2      | Reached skill level 5 in Short Blades
  1826 | D:2      | Killed Jessica
  1826 | D:2      | Reached XP level 5. HP: 30/30 MP: 5/5
  1855 | D:2      | Noticed Sigmund
  2396 | D:3      | Found a faded altar of an unknown god.
  2951 | D:3      | Noticed Robin
  3255 | D:3      | Killed Robin
  3255 | D:3      | Reached XP level 6. HP: 35/35 MP: 6/6
  3385 | D:4      | Found a staircase to the Ecumenical Temple.
  3394 | Temple   | Entered the Ecumenical Temple
  3439 | Temple   | Became a worshipper of the Wu Jian Council
  3893 | D:4      | Noticed an ogre
  4396 | D:5      | Entered Level 5 of the Dungeon
  5275 | D:5      | Reached XP level 7. HP: 44/44 MP: 7/7
  5491 | D:5      | Reached skill level 5 in Fighting
  5746 | D:5      | Reached * piety under Wu Jian
  5763 | D:5      | Found a basalt altar of Yredelemnul.
  5827 | D:6      | Noticed Duvessa
  5827 | D:6      | Noticed Dowan
  6303 | D:6      | Reached XP level 8. HP: 46/52 MP: 8/8
  6635 | D:6      | Noticed Edmund
  6842 | D:7      | Noticed a troll
  6885 | D:7      | Reached skill level 5 in Dodging
  7444 | D:6      | Noticed Menkaure
  7762 | D:6      | Reached XP level 9. HP: 56/57 MP: 9/9
  7858 | D:7      | Reached skill level 5 in Stealth
  8074 | D:7      | Reached ** piety under Wu Jian
  8803 | D:7      | Killed a troll
  8955 | D:7      | Found Uhaupneisk's Armour Shoppe.
  8961 | D:7      | Bought a +2 ring mail of poison resistance for 252 gold
                  | pieces
  8961 | D:7      | Bought a +0 pair of gloves for 63 gold pieces
  9309 | D:8      | Mangled by an orc warrior

Levels and vault maps discovered:
D:1:      lightli_arrival_isolated_outpost, layout_loops_ring,
          nemelex_diamond_rough_becter
D:2:      layout_loops_cross, minmay_statues_item, uniq_sigmund, uniq_natasha,
          uniq_jessica
D:3:      layout_rooms, chequers_ecumenical_altar_lobes, uniq_robin
D:4:      layout_gridville, minmay_temple_entry_statues_fountains, first_ration
D:5:      layout_basic, lemuel_zombie_altar_yredelemnul
D:6:      layout_basic, chequers_serial_rivers_micro_d, uniq_menkaure,
          uniq_duvessa, uniq_edmund
D:7:      layout_rooms, serial_shops, nicolae_shop_trees
D:8:      layout_loops_ring, dpeg_oklobed_lair
Temple:   nicolae_temple_the_god_donut

Skill      XL: |  1  2  3  4  5  6  7  8  9 |
---------------+----------------------------+-----
Short Blades   | 2 3 4 5 7 |  7.4
Fighting       | 4 6 7 8 |  8.8
Dodging        | 7 |  7.0
Stealth        | 2 8 |  8.6
Crossbows      | |  4.8

Action                   |  1- 3 |  4- 6 |  7- 9 || total
-------------------------+-------+-------+-------++-------
Melee: Short sword       |    51 |   190 |       ||   241
       Dagger            |       |    32 |   497 ||   529
       Hand crossbow     |       |       |     3 ||     3
 Fire: Hand crossbow     |    49 |    69 |   107 ||   225
Throw: Throwing net      |       |     1 |     2 ||     3
       Boomerang         |       |       |    18 ||    18
Invok: Whirlwind         |       |       |    25 ||    25
       Lunge             |       |       |    15 ||    15
Evoke: Wand              |       |       |    17 ||    17
  Use: Scroll            |     1 |     7 |     4 ||    12
       Potion            |       |     4 |     4 ||     8
 Stab: Sleeping          |       |     2 |     4 ||     6
       Held in net/web   |       |     1 |       ||     1
       Confused          |       |       |     2 ||     2
  Eat: Chunk             |     9 |    12 |    14 ||    35
Armor: Leather armour    |    13 |    32 |    25 ||    70
       Ring mail         |       |       |     8 ||     8
Dodge: Dodged            |    66 |   143 |   205 ||   414
